 Dungeon Sprint DCSS version 0.30-a0-297-g0ec75d9ef4 (webtiles) character file.

Game seed: 13301583350572664446

16889 mhtbhm the Tortoise (level 12, -19/122 (124) HPs)
             Began as an Armataur Fighter on Oct 19, 2022.
             Was the Champion of Okawaru.
             Killed from afar by a tengu reaver (21 damage)
             ... with a bolt of fire
             ... in the Dungeon (Sprint IX: "|||||||||||||||||||||||||||||").
             The game lasted 00:08:20 (3790 turns).

mhtbhm the Tortoise (Armataur Fighter)              Turns: 3790, Time: 00:08:20

HP:   -19/122 (124) AC: 24    Str: 26    XL:     12   Next: 14%
MP:   15/15         EV: 10    Int:  8    God:    Okawaru [******]
Gold: 361           SH: 14    Dex: 11    Spells: 11/11 levels left

rFire   + . .      SeeInvis .    a - +6 scimitar (elec)
rCold   + . .      Faith    +    c - +1 kite shield {rN+}
rNeg    + . .      Spirit   .    b - +3 chain mail
rPois   +          Reflect  .    m - +0 helmet
rElec   +          Harm     .    w - +1 cloak
rCorr   +          Roll     +    v - +0 pair of gloves
Will    .....      NoTele   +    (no barding)
Stlth   ..........               x - amulet of faith
HPRegen 0.40/turn                n - +2 ring of evasion
MPRegen 0.14/turn                o - +2 ring of protection

@: mighty, resistant, lightly drained
A: large, rugged brown scales 3, deformed body, armoured tail, roll, long
tongue, awkward tongue, deterioration 2
a: Renounce Religion, Heroism, Finesse


You were in the Dungeon.
You worshipped Okawaru.
Okawaru was exalted by your worship.
You visited 1 branch You collected 1923 gold pieces.
You spent 1562 gold pieces at shops.

Inventory:

Hand Weapons
 a - a +6 scimitar of electrocution (weapon)
Missiles
 f - an atropa-tipped dart
 p - a curare-tipped dart (quivered)
Armour
 b - a +3 chain mail (worn)
 c - a +1 kite shield of positive energy (worn)
 m - a +0 helmet (worn)
 v - a +0 pair of gloves (worn)
 w - a +1 cloak (worn)
Jewellery
 n - a +2 ring of evasion (left hand)
 o - a +2 ring of protection (right hand)
 x - an amulet of faith (around neck)
 y - a ring of poison resistance
 B - a ring of willpower
 D - a ring of see invisible
 E - a ring of fire
Scrolls
 j - 3 scrolls of fear
 k - 2 scrolls of amnesia
 s - a scroll of identify
 t - 2 scrolls of fog
 u - 2 scrolls of blinking
 z - 3 scrolls of enchant weapon
 A - a scroll of poison
 C - a scroll of enchant armour {unknown}
Potions
 e - 3 potions of curing
 g - a potion of haste
 h - 4 potions of magic
 i - a potion of invisibility
 q - a potion of berserk rage
 r - a potion of mutation
 F - a potion of heal wounds
 G - 2 potions of brilliance


   Skills:
 + Level 13.7 Fighting
 + Level 15.7 Long Blades
 + Level 0.5 Throwing
 + Level 17.5 Armour
 + Level 4.6 Dodging
 + Level 1.6 Stealth
 + Level 15.9 Shields
 * Level 4.1 Invocations
 + Level 5.0 Evocations


You had 11 spell levels left.
You didn't know any spells.
Your spell library contained the following spells:

 Spells                   Type           Power      Damage    Failure   Level
 Magic Dart               Conj           0%         1d3       91%         1
 Searing Ray              Conj           0%         2d4       97%         2
 Fulminant Prism          Conj/Hex       0%         3d6       100%        4


Dungeon Overview and Level Annotations

Branches:
Dungeon (1/1)

Altars:
Cheibriados
Dithmenos
Elyvilon
Fedhas
Gozag
Hepliaklqana
Kikubaaqudgha
Makhleb
Nemelex Xobeh
Okawaru
Qazlal
Ru
Sif Muna
Trog
Uskayaw
Vehumet
Wu Jian
Xom
Yredelemnul
Zin
The Shining One
Jiyva
Lugonu

Shops:
D =(*?


Innate Abilities, Weirdness & Mutations

You are completely covered in rugged brown scales. (AC +3, +7% HP)
Armour fits poorly on your strangely shaped body.
You have a long armoured tail.
You roll when moving toward enemies. (Rampage)
Your long tongue fully drains potion bottles. (2x potion effects)
Your tongue gives you trouble enunciating. (1.5x scroll delay)
Your body often deteriorates upon taking damage.


Message History

Unknown command.
Things that are here:
+0 shadow dragon scales; an ugly thing corpse You see here a +0 cloak.
A tengu reaver comes into view.
It is wielding a +0 great sword and wearing a +2 ring mail of poison resistance.
The tengu reaver shouts!
You roll towards the tengu reaver!
The tengu reaver points at you and mumbles some strange words.
The bolt of negative energy hits you. You partially resist.
You feel drained.
You see here 4 large rocks.
You roll towards the tengu reaver!
You slice the tengu reaver!!
Lightning courses through the tengu reaver!
Your tail-slap misses the tengu reaver.
The tengu reaver is moderately wounded.
The tengu reaver hits you but does no damage.
You block the tengu reaver's attack. x2
You miss the tengu reaver.
The tengu reaver is moderately wounded.
You slash the tengu reaver!
Your tail-slap misses the tengu reaver.
The tengu reaver is heavily wounded.
You block the tengu reaver's attack. x2
The tengu reaver claws you but does no damage.
You closely miss the tengu reaver.
The tengu reaver is heavily wounded.
The tengu reaver casts a spell at you. The bolt of lightning hits you!
You resist.
* * * LOW HITPOINT WARNING * * *
You barely miss the tengu reaver.
The tengu reaver is heavily wounded.
The tengu reaver points at you and mumbles some strange words.
The bolt of cold hits you!! You resist.
* * * LOW HITPOINT WARNING * * *
You hit the tengu reaver.
The tengu reaver is heavily wounded.
You barely miss the tengu reaver.
Your tail-slap misses the tengu reaver.
The tengu reaver is heavily wounded.
The tengu reaver gestures at you while chanting.
The bolt of fire hits you!! You resist.
You die...

,*,*,*,*,*,*,*,▓T▓.▓∩▓.▓.▓.▓[▓
,*,*,*,*,*,*,*,▓.▓.▓.▓.▓.▓.▓[▓
,*,*,*,*,*,*,*,▓)▓.▓∩▓.▓.▓.▓.▓
,*,*,*,*,*,*+*,▓.▓.▓.▓.▓.▓.▓.▓
,*,*,*,*,*,*,*,▓)▓.▓.▓.▓.▓.▓)▓
,*,*,*,*,*,*,*,▓)▓.▓.▓.▓.▓.▓.▓
,*,*,*,*,*,*,*,▓'▓.▓.▓.▓†▓.▓.▓
,*,*,*,*,*,*,*,▓Q▓.▓.▓.▓†▓.▓'▓
,*,*,*,*,*,*,*,▓@▓.▓)▓.▓.▓.▓_▓
,*,*,*,*,*,*,*,▓.▓.▓.▓.▓.▓.▓_▓
,*,*,*,*,*,*,*,▓(▓.▓.▓.▓.▓.▓_▓
,*,*,*,*,*,*,*,▓)▓.▓.▓.▓.▓.▓_▓
,*,*,*,*+*,*,*,▓.▓.▓.▓.▓.▓.▓_▓
+*,*,*,*,*,*+*,▓.▓.▓)▓.▓.▓.▓_▓
,*,*,*,*,*,*,*,▓.▓.▓.▓.▓.▓.▓_▓
,*,*,*,*,*,*,*,▓.▓.▓.▓.▓.▓.▓_▓
,*,*,*,*,*,*,*,▓.▓.▓.▓.▓.▓.▓_▓


You could see a tengu reaver.

Vanquished Creatures
  A frost giant (D)
  A stone giant (D)
  A fire dragon (D)
  A catoblepas (D)
  A centaur warrior (D)
  A boulder beetle (D)
  A tengu warrior (D)
  A deep troll earth mage (D)
  7 orc high priests (D)
  A wizard (D)
  A deep elf pyromancer (D)
  An ugly thing (D)
  A cyclops (D)
  A torpor snail (D)
  2 cane toads (D)
  An efreet (D)
  A komodo dragon (D)
  A tengu conjurer (D)
  2 trolls (D)
  2 blink frogs (D)
  2 wraiths (D)
  A yak (D)
  Eustachio (D)
  2 wyverns (D)
  A vampire mosquito (D)
  3 wargs (D)
  2 hell hounds (D)
  An acid dragon (D)
  9 orc warriors (D)
  5 water moccasins (D)
  A centaur (D)
  4 wolves (D)
  A kobold brigand (D)
  2 bullfrogs (D)
  2 scorpions (D)
  A killer bee (D)
  9 orc priests (D)
  A gnoll bouda (D)
  4 orc wizards (D)
  A gnoll (D)
  A white imp (D)
  A dart slug (D)
  9 orcs (D)
  An endoplasm (D)
  A ball python (D)
  A frilled lizard (D)
  A rat (D)
97 creatures vanquished.

Vanquished Creatures (others)
  A centaur warrior (D)
  A slime creature (D)
  An orc wizard (D)
3 creatures vanquished.

Grand Total: 100 creatures vanquished

Notes
Turn   | Place    | Note
-------+----------+-------------------------------------------
     0 | D        | mhtbhm the Armataur Fighter began the quest for the Orb.
     0 | D        | Reached XP level 1. HP: 19/19 MP: 1/1
     7 | D        | Reached skill level 4 in Armour
    14 | D        | Noticed a scorpion
    14 | D        | Noticed a scorpion
    19 | D        | Killed a scorpion
    20 | D        | Reached skill level 5 in Armour
    20 | D        | Reached skill level 5 in Shields
    20 | D        | Reached XP level 2. HP: 29/29 MP: 2/2
    20 | D        | Reached XP level 3. HP: 36/36 MP: 3/3
    24 | D        | Reached skill level 6 in Armour
    27 | D        | Reached XP level 4. HP: 43/43 MP: 4/4
    35 | D        | Killed a scorpion
    36 | D        | Reached skill level 5 in Fighting
    36 | D        | Reached skill level 7 in Armour
    36 | D        | Reached XP level 5. HP: 53/53 MP: 5/5
    45 | D        | Found a snail-covered altar of Cheibriados.
    45 | D        | Found a shadowy altar of Dithmenos.
    45 | D        | Found a white marble altar of Elyvilon.
    45 | D        | Found a blossoming altar of Fedhas.
    45 | D        | Found an opulent altar of Gozag.
    46 | D        | Found a hazy altar of Hepliaklqana.
    47 | D        | Found a viscous altar of Jiyva.
    48 | D        | Found an ancient bone altar of Kikubaaqudgha.
    49 | D        | Found a corrupted altar of Lugonu.
    50 | D        | Found a burning altar of Makhleb.
    51 | D        | Found a sparkling altar of Nemelex Xobeh.
    52 | D        | Found an iron altar of Okawaru.
    53 | D        | Found a stormy altar of Qazlal.
    54 | D        | Found a sacrificial altar of Ru.
    55 | D        | Found a shimmering blue altar of Sif Muna.
    56 | D        | Found a bloodstained altar of Trog.
    57 | D        | Found a hide-covered altar of Uskayaw.
    58 | D        | Found a radiant altar of Vehumet.
    59 | D        | Found an ornate altar of the Wu Jian Council.
    60 | D        | Became a worshipper of Warmaster Okawaru
    70 | D        | Found a shimmering altar of Xom.
    71 | D        | Found a basalt altar of Yredelemnul.
    72 | D        | Found a glowing silver altar of Zin.
    73 | D        | Found a glowing golden altar of the Shining One.
   129 | D        | Noticed a wraith
   129 | D        | Noticed a wraith
   129 | D        | Noticed an acid dragon
   208 | D        | Reached skill level 5 in Long Blades
   208 | D        | Reached skill level 1 in Dodging
   210 | D        | Killed an acid dragon
   210 | D        | Killed a wraith
   210 | D        | Reached * piety under Okawaru
   211 | D        | Reached skill level 9 in Armour
   211 | D        | Reached skill level 1 in Evocations
   211 | D        | Reached XP level 6. HP: 41/64 MP: 6/6
   225 | D        | Reached XP level 7. HP: 23/70 MP: 7/7
   227 | D        | Killed a wraith
   228 | D        | Reached skill level 10 in Armour
   399 | D        | Noticed a tengu warrior
   399 | D        | Noticed a centaur warrior
   399 | D        | Noticed a vampire mosquito
   399 | D        | Noticed a troll
   399 | D        | Noticed a troll
   401 | D        | Killed a vampire mosquito
   401 | D        | Reached ** piety under Okawaru
   405 | D        | Killed a troll
   406 | D        | Reached skill level 11 in Armour
   406 | D        | Reached XP level 8. HP: 57/79 MP: 8/8
   407 | D        | Killed a troll
   415 | D        | Killed a centaur warrior
   415 | D        | Reached *** piety under Okawaru
   416 | D        | Reached skill level 12 in Armour
   416 | D        | Reached skill level 10 in Shields
   425 | D        | Killed a tengu warrior
   425 | D        | Reached **** piety under Okawaru
   426 | D        | Reached skill level 10 in Long Blades
   426 | D        | Reached skill level 13 in Armour
   426 | D        | Reached XP level 9. HP: 37/89 MP: 9/9
   578 | D        | Noticed a torpor snail
   578 | D        | Noticed a cane toad
   595 | D        | Reached ***** piety under Okawaru
   606 | D        | Killed a cane toad
   618 | D        | Received a gift from Okawaru
   619 | D        | Reached skill level 14 in Armour
   619 | D        | Reached skill level 5 in Evocations
   917 | D        | Killed a torpor snail
   918 | D        | Reached skill level 10 in Fighting
   980 | D        | Noticed a komodo dragon
   981 | D        | Noticed a catoblepas
   989 | D        | Reached XP level 10. HP: 100/100 MP: 10/10
  1351 | D        | Noticed a cane toad
  1360 | D        | Killed a catoblepas
  1360 | D        | Identified the +0 falchion of Haomex {venom, rF+ rN+}
                  | (Okawaru gifted it to you in the Dungeon)
  1360 | D        | Received a gift from Okawaru
  1365 | D        | Reached skill level 15 in Armour
  1381 | D        | Killed a cane toad
  1718 | D        | Noticed Eustachio
  1728 | D        | Killed Eustachio
  1773 | D        | Received a gift from Okawaru
  2013 | D        | Found Tanlall's Magic Scroll Boutique.
  2013 | D        | Noticed an orc high priest
  2013 | D        | Noticed an orc high priest
  2013 | D        | Noticed an orc high priest
  2014 | D        | Noticed an orc high priest
  2033 | D        | Killed an orc high priest
  2034 | D        | Reached XP level 11. HP: 39/111 MP: 11/11
  2035 | D        | Gained mutation: Your body sometimes deteriorates upon
                  | taking damage. [a neqoxec]
  2050 | D        | Gained mutation: Your body often deteriorates upon taking
                  | damage. [a neqoxec]
  2190 | D        | Killed an orc high priest
  2303 | D        | Noticed a soul eater
  2307 | D        | Killed an orc high priest
  2308 | D        | Reached skill level 16 in Armour
  2361 | D        | Noticed a sixfirhy
  2365 | D        | Killed an orc high priest
  2365 | D        | Received a gift from Okawaru
  2365 | D        | Reached ****** piety under Okawaru
  2634 | D        | Found Foxen's Assorted Antiques.
  2638 | D        | Found Jiroerch's Weapon Boutique.
  2640 | D        | Noticed an orc high priest
  2641 | D        | Found Tameor's Jewellery Shop.
  2641 | D        | Noticed an orc high priest
  2642 | D        | Noticed an orc high priest
  2651 | D        | Killed an orc high priest
  2658 | D        | Killed an orc high priest
  2669 | D        | Noticed a sixfirhy
  2669 | D        | Killed an orc high priest
  2670 | D        | Reached skill level 15 in Long Blades
  2913 | D        | Bought a scroll of fog for 52 gold pieces
  2913 | D        | Bought a scroll of fear for 52 gold pieces
  2913 | D        | Bought a scroll of blinking for 97 gold pieces
  2913 | D        | Bought a scroll of blinking for 97 gold pieces
  2919 | D        | Bought an amulet of faith for 480 gold pieces
  2919 | D        | Bought a ring of poison resistance for 240 gold pieces
  2930 | D        | Bought a scroll of enchant weapon for 97 gold pieces
  2930 | D        | Bought a scroll of enchant weapon for 97 gold pieces
  2932 | D        | Bought a scroll labelled OLOUPR WONYTS for 24 gold pieces
  2932 | D        | Bought a scroll labelled NUFRIY SEOCS for 24 gold pieces
  2932 | D        | Bought a scroll labelled NAMPAVVEEGI for 24 gold pieces
  2932 | D        | Bought a scroll of enchant weapon for 180 gold pieces
  2932 | D        | Bought a potion of curing for 72 gold pieces
  2945 | D        | Bought a scroll of identify for 26 gold pieces
  3130 | D        | Noticed a centaur warrior
  3130 | D        | Noticed a boulder beetle
  3130 | D        | Noticed a deep elf pyromancer
  3130 | D        | Noticed a wizard
  3136 | D        | Killed a wizard
  3157 | D        | Killed a boulder beetle
  3157 | D        | Received a gift from Okawaru
  3158 | D        | Reached skill level 1 in Stealth
  3158 | D        | Reached skill level 15 in Shields
  3162 | D        | Killed a centaur warrior
  3188 | D        | Killed a deep elf pyromancer
  3189 | D        | Noticed a fire dragon
  3189 | D        | Noticed a frost giant
  3190 | D        | Noticed a stone giant
  3192 | D        | Noticed a deep troll earth mage
  3196 | D        | Reached skill level 17 in Armour
  3737 | D        | Killed a fire dragon
  3738 | D        | Reached skill level 1 in Invocations
  3743 | D        | Killed a stone giant
  3748 | D        | Killed a frost giant
  3749 | D        | Reached XP level 12. HP: 58/123 MP: 12/14
  3763 | D        | Killed a deep troll earth mage
  3763 | D        | Identified the +2 pair of gloves "Qoh Nor" {Int+9 Slay-3}
                  | (Okawaru gifted it to you in the Dungeon)
  3763 | D        | Received a gift from Okawaru
  3781 | D        | Noticed a tengu reaver
  3788 | D        | HP: 1/122 [tengu reaver/bolt of cold (30)]
  3790 | D        | Killed from afar by a tengu reaver

Illustrated notes

Levels and vault maps discovered:
D:        linesprint [early_d, line_temple, items_1, d_10, items_2, lair_1,
          lair_end, items_3, orc_1, orc_end, items_4, d_15, swamp_1, shoals_1,
          snake_1, spider_1, d_20, vaults_1, items_5, swamp_end, shoals_end,
          snake_end, spider_end, vaults_end, d_27, items_6, zot_1, zot_end,
          crypt_end, forest_end, elf_end, slime_end, tomb_end, abyss_end,
          pan_hell_end]

Skill      XL: |  1  2  3  4  5  6  7  8  9 10 11 12 |
---------------+-------------------------------------+-----
Fighting       | 4 5 7 8 9 10 11 13 | 13.7
Armour         | 5 6 7 9 11 13 14 15 17 | 17.5
Long Blades    | 3 4 6 7 8 10 11 13 15 | 15.7
Shields        | 5 6 8 9 10 11 13 15 | 15.9
Dodging        | 1 2 3 4 |  4.6
Evocations     | 1 2 4 5 |  5.0
Stealth        | 1 |  1.6
Invocations    | 3 4 |  4.1
Throwing       | |  0.5

Action                   |  1- 3 |  4- 6 |  7- 9 | 10-12 || total
-------------------------+-------+-------+-------+-------++-------
Melee: Long sword        |    17 |     9 |       |       ||    26
       Tailslap          |     1 |     3 |    10 |    76 ||    90
       Scimitar          |       |    21 |   111 |   431 ||   563
Throw: Dart              |       |       |     1 |       ||     1
Evoke: Wand              |       |     6 |     4 |       ||    10
  Use: Potion            |     1 |     1 |     7 |     5 ||    14
       Scroll            |       |       |     1 |    10 ||    11
Armor: Scale mail        |     4 |     5 |       |       ||     9
       Plate armour      |       |    15 |    91 |    98 ||   204
       Chain mail        |       |       |       |    31 ||    31
Dodge: Dodged            |     3 |     9 |    54 |    67 ||   133
Block: Buckler           |     4 |    12 |     7 |       ||    23
       Kite shield       |       |       |    65 |   168 ||   233

Table legend: (Time is in decaauts)
 A = Elapsed time spent in this place.
 B = Non-inter-level travel time spent in this place.
 C = Inter-level travel time spent in this place.
 D = Time resting spent in this place.
 E = Time spent auto-exploring this place.
 F = Levels seen in this place.
 G = Mean time per level.
                   A        B        C        D        E       F      G
               +--------+--------+--------+--------+--------+-----+--------+
         Total |   3776 |   3776 |      0 |   2126 |    200 |   1 | 3776.0 |
       Dungeon |   3776 |   3776 |      0 |   2126 |    200 |   1 | 3776.0 |
               +--------+--------+--------+--------+--------+-----+--------+

Top non-repeatable levels by time:
       D: 3776 daAuts
